 Dungeon Crawl Stone Soup version 0.19.1-1-g22dce08 (webtiles) character file.

2630 Goblin1989 the Geomancer (level 9, -1/68 HPs)
             Began as a Deep Dwarf Earth Elementalist on Jan 7, 2017.
             Was an Initiate of Makhleb.
             Killed from afar by Psyche (8 damage)
             ... with a puff of frost
             ... while paralysed by something
             ... on level 7 of the Dungeon on Jan 8, 2017.
             The game lasted 00:40:12 (7213 turns).

Goblin1989 the Geomancer (DDEE)                     Turns: 7213, Time: 00:40:12

Health: -1/68      AC:  5    Str: 12    XL:     9   Next: 35%
Magic:  4/16       EV:  2    Int: 19    God:    Makhleb [......]
Gold:   378        SH:  0    Dex: 13    Spells: 4 memorised, 7 levels left

rFire  . . .     SeeInvis .     a - +0 whip (elec)
rCold  . . .     Gourm    .     u - +0 robe
rNeg   + . .     Faith    .     (no shield)
rPois  .         Spirit   .     v - +2 helmet
rElec  .         Reflect  .     (no cloak)
rCorr  .         Harm     .     (no gloves)
MR     +....                    (no boots)
Stlth  ++........               (no amulet)
                                q - ring of positive energy
                                (no ring)

@: paralysed, lethally poisoned (-1 -> -1), non-regenerating, drained
A: damage resistance, recharge devices, sense surroundings 2, slow regeneration
3
a: Device Recharging, Renounce Religion


You were on level 7 of the Dungeon.
You worshipped Makhleb.
Makhleb was noncommittal.
You were very hungry.

You visited 2 branches of the dungeon, and saw 9 of its levels.

You collected 378 gold pieces.

Inventory:

Hand Weapons
 a - a +0 whip of electrocution (weapon)
 c - a +0 broad axe
 D - a +2 battleaxe of venom
Missiles
 b - 86 stones (quivered)
 k - 8 poisoned javelins
Armour
 u - a +0 robe (worn)
 v - a +2 helmet (worn)
Jewellery
 l - an uncursed ring of flight
 q - a ring of positive energy (right hand)
Wands
 h - a wand of heal wounds (2/9) {!v, @v2}
 i - a wand of digging (12/24)
Scrolls
 n - a scroll of recharging
 r - a scroll of remove curse {@r2}
 y - a scroll of enchant weapon {unknown}
 B - a scroll of blinking
 C - a scroll of amnesia
 E - a scroll of fog
 R - 2 scrolls of identify {@r1}
 T - 2 scrolls of teleportation {!r, @r4}
Potions
 g - 7 potions of flight
 m - a potion of mutation {unknown}
 o - a potion of curing {unknown}
 p - 2 potions of brilliance
 s - a potion of haste {unknown}
 w - 2 potions of might
 z - 2 potions of heal wounds {unknown}
 A - a potion of invisibility {unknown}
Books
 e - a book of Geomancy

   Spells                             Type                      Level
   a - Sandblast                      Earth                        1
   b - Passwall                       Transmutation/Earth          2
   c - Stone Arrow                    Conjuration/Earth            3
   d - Petrify                        Transmutation/Earth          4
   e - Lee's Rapid Deconstruction     Earth                        5
Comestibles
 d - 9 fruits
 f - 4 bread rations {@e1}
 j - 3 meat rations {@e2}
 t - a beef jerky
 x - a royal jelly


   Skills:
 - Level 2.1(2.0) Dodging
 - Level 2.4(2.2) Stealth
 + Level 5.2(5.1) Spellcasting
 * Level 7.1(6.9) Conjurations
 - Level 0.8(0.7) Transmutations
 * Level 11.2(11.0) Earth Magic


You had 7 spell levels left.
You knew the following spells:

 Your Spells              Type           Power        Failure   Level  Hunger
a - Sandblast             Erth           #####.       1%          1    None
b - Stone Arrow           Conj/Erth      #####.       1%          3    ##.....
c - Passwall              Tmut/Erth      ####......   1%          2    #......
l - Lee's Rapid Deconstr  Erth           #####.....   4%          5    ######.


Dungeon Overview and Level Annotations

Branches:
Dungeon (8/15)             Temple (1/1) D:6
   Lair: D:8-11

Altars:
Elyvilon
Fedhas
Gozag
Kikubaaqudgha
Makhleb
Nemelex Xobeh
Okawaru
Qazlal
Ru
Sif Muna
Trog
Uskayaw
Vehumet
Xom
Yredelemnul
Zin

Annotations:
D:3 exclusion: 2 gnolls
D:7 Dowan, Duvessa, Psyche


Innate Abilities, Weirdness & Mutations

You are resistant to damage.
You can recharge devices by infusing magical energy.
You passively map the area around you.
You do not regenerate.


Message History

Something hits you.
* * * LOW HITPOINT WARNING * * *
You take 5 damage, and have 15/68 hp.
Unknown command.
You barely miss something.
You feel sick. Something hits you but does no damage.
You suddenly lose the ability to move!
You feel sick. Something hits you.
* * * LOW HITPOINT WARNING * * *
Something burns you.
You hear some strange, mumbled words.
A puff of frost appears from out of thin air!
The puff of frost hits you!
* * * LOW HITPOINT WARNING * * *
Psyche appears from thin air!
Reactivating autopickup.
Psyche hits you but does no damage. Psyche hits you with a dagger of chaos.
Psyche casts a spell at you.
Helpless, you fail to dodge the puff of frost.
You die...

.........█..................█....
.........█..............)...█....
.........██.................█....
.....█..........███.........█....
█▲███.█.████............████....
▓ █.█...>.....████.████ · · ▓
█.██████..█..█.█ ▓ ▓▓▓ ██ ▓
█.@...███


█▲██ · · ▓ █.@...█ █... ▓ ·▓▓ █$....█ ████ · █..██.█████████████ ▓
█.................. ▓ ██.██.█████████████ ·...██.█ ▓ ▓ ▓ ██████.█ █.█ █.█ You
could see Psyche.

Vanquished Creatures
  Prince Ribbit (D:6)
  A hippogriff (D:7)
  A wyvern (D:8)
  A sky beast (D:6)
  An orc warrior (D:8)
  A black bear (D:7)
  6 ogres
  3 centaurs
  2 bullfrogs
  A scorpion (D:6)
  2 howler monkeys (D:4)
  2 crimson imps
  A quasit (D:6)
  2 hounds
  2 jellies
  An orc priest (D:8)
  4 orc wizards
  Terence (D:2)
  A worker ant (D:5)
  Natasha (thrice) (D:4)
  A hound skeleton (D:4)
  Robin (D:2)
  2 gnolls
  17 adders
  An ooze (D:3)
  2 adder skeletons
  An adder zombie (D:5)
  2 worms
  4 dart slugs
  7 leopard geckos
  22 orcs
  4 ball pythons
  6 giant cockroaches
  12 goblins
  7 hobgoblins
  9 jackals
  2 kobolds (D:3)
  4 quokkas
  A ball python skeleton (D:4)
  3 bats
  2 frilled lizards
  6 rats
153 creatures vanquished.

Notes
Turn   | Place    | Note
-------+----------+-------------------------------------------
     0 | D:1      | Goblin1989 the Deep Dwarf Earth Elementalist began the quest for the Orb.
     0 | D:1      | Reached XP level 1. HP: 15/15 MP: 3/3
   102 | D:1      | Reached XP level 2. HP: 22/22 MP: 1/5
   504 | D:1      | Reached skill level 5 in Earth Magic
   633 | D:1      | Reached XP level 3. HP: 28/28 MP: 3/6
   810 | D:1      | Learned a level 3 spell: Stone Arrow
   966 | D:2      | Noticed Robin
  1226 | D:3      | Reached skill level 1 in Conjurations
  1226 | D:3      | Reached XP level 4. HP: 33/36 MP: 2/7
  2304 | D:3      | Reached XP level 5. HP: 38/42 MP: 4/8
  2319 | D:3      | Reached skill level 6 in Earth Magic
  2435 | D:3      | Learned a level 5 spell: Lee's Rapid Deconstruction
  2572 | D:4      | Noticed Natasha
  2577 | D:4      | Killed Natasha
  2588 | D:4      | Noticed Natasha
  2594 | D:4      | Killed Natasha
  2668 | D:4      | Noticed Natasha
  2674 | D:4      | Killed Natasha
  2957 | D:4      | Reached XP level 6. HP: 44/49 MP: 2/10
  3225 | D:4      | You fall through a shaft for 3 floors!
  3315 | D:7      | Reached skill level 7 in Earth Magic
  3448 | D:6      | Reached XP level 7. HP: 55/55 MP: 3/12
  3604 | D:5      | Entered Level 5 of the Dungeon
  3680 | D:2      | Noticed Terence
  3686 | D:2      | Killed Terence
  3746 | D:2      | Killed Robin
  4681 | D:4      | Reached skill level 8 in Earth Magic
  5689 | D:5      | Reached XP level 8. HP: 54/62 MP: 10/14
  5888 | D:6      | Found a staircase to the Ecumenical Temple.
  5894 | Temple   | Entered the Ecumenical Temple
  5918 | Temple   | Became a worshipper of Makhleb the Destroyer
  5966 | D:6      | Reached skill level 5 in Conjurations
  6003 | D:6      | Learned a level 2 spell: Passwall
  6024 | D:6      | Reached skill level 9 in Earth Magic
  6157 | D:6      | Noticed Prince Ribbit
  6553 | D:6      | Killed Prince Ribbit
  6601 | D:6      | Reached skill level 10 in Earth Magic
  6771 | D:7      | Noticed a hippogriff
  6774 | D:7      | Killed a hippogriff
  6852 | D:7      | Gained mutation: You passively map the area around you. [Deep Dwarf growth]
  6852 | D:7      | Reached XP level 9. HP: 47/68 MP: 14/16
  6875 | D:7      | Found a sparkling altar of Nemelex Xobeh.
  6996 | D:7      | Reached skill level 5 in Spellcasting
  7088 | D:7      | Noticed Dowan
  7089 | D:7      | Noticed Duvessa
  7147 | D:8      | Reached skill level 11 in Earth Magic
  7165 | D:8      | Noticed Psyche
  7208 | D:7      | Paralysed by something for 6 turns
  7213 | D:7      | Killed from afar by Psyche

Skill      XL: |  1  2  3  4  5  6  7  8  9 |
---------------+----------------------------+-----
Spellcasting   | 2 3 4 5 |  5.2
Earth Magic    | 5 6 7 8 10 11 | 11.2
Conjurations   | 1 2 3 4 6 7 |  7.1
Dodging        | |  2.1
Stealth        | |  2.4
Transmutations | |  0.8

Action                   |  1- 3 |  4- 6 |  7- 9 || total
-------------------------+-------+-------+-------++-------
Melee: Whip              |       |     4 |    16 ||    20
Throw: Stone             |       |       |     1 ||     1
 Cast: Sandblast         |    41 |    44 |   120 ||   205
       Stone Arrow       |       |    30 |    27 ||    57
       Lee's Rapid Decon |       |       |     3 ||     3
Evoke: Wand              |       |     1 |     5 ||     6
  Use: Scroll            |       |     7 |     5 ||    12
  Eat: Chunk             |     1 |    10 |    14 ||    25
Armor: Robe              |     1 |     1 |    19 ||    21
Dodge: Dodged            |     6 |     7 |    22 ||    35

Vault maps used:
D:1:      eino_arrival_water_star
D:2:      uniq_robin, uniq_terence
D:3:      first_bread, hangedman_decor_peaks_small, kennysheep_generic_room_13
D:4:      uniq_natasha
D:6:      kennysheep_spiral_hall, uniq_prince_ribbit1
D:7:      grunt_ogre_cave, nemelex_xobeh_ov_fountains_minmay, uniq_duvessa
D:8:      uniq_grum, uniq_psyche
Temple:   nicolae_temple_the_god_donut
